 Dungeon Crawl Stone Soup version 0.17-b1-15-g0f5fb43 (webtiles) character file.

4628 radek the Infuser (level 10, 0/54 HPs)
             Began as a Deep Elf Conjurer on Nov 3, 2015.
             Was a Follower of Vehumet.
             Shot with a sling bullet of frost by Joseph (4 damage)
             ... on level 9 of the Dungeon.
             The game lasted 01:10:44 (14245 turns).

radek the Infuser (Deep Elf Conjurer)              Turns: 14245, Time: 01:10:44

Health: 0/54       AC: 10    Str:  6    XL:     10   Next: 19%
Magic:  14/22      EV: 12    Int: 27    God:    Vehumet [*.....]
Gold:   527        SH:  0    Dex: 15    Spells: 3 memorised, 7 levels left

rFire  . . .     SeeInvis .     l - +3 short sword (drain)
rCold  . . .     Clarity  .     q - +2 robe {MR+}
rNeg   . . .     SustAt   .     (no shield)
rPois  .         Gourm    .     (no helmet)
rElec  .         Spirit   .     (no cloak)
rCorr  .         Warding  .     (no gloves)
rMut   .         Stasis   .     (no boots)
MR     ++...                    j - amulet of rage
Stlth  ++........               p - +4 ring of intelligence
                                f - +6 ring of protection

@: very slightly contaminated, drained, very resistant to hostile enchantments,
unstealthy
A: no striking features
a: Renounce Religion, Evoke Berserk Rage


You were on level 9 of the Dungeon.
You worshipped Vehumet.
Vehumet was aware of your devotion.
You were not hungry.

You visited 2 branches of the dungeon, and saw 10 of its levels.
You also visited: Ossuary.

You collected 527 gold pieces.

Inventory:

Hand Weapons
 d - a +0 mace
 l - a +3 short sword of draining (weapon)
 w - a +2 quarterstaff of chaos
 x - a +1 dagger of draining
 y - a -2 dagger
 z - a +1 flail of crushing
 H - a +1 spear of venom
 J - a +2 whip of flaming
 N - a +5 short sword of draining
Armour
 a - a +0 robe
 q - a +2 robe of magic resistance (worn)
 K - a +2 robe of magic resistance
Jewellery
 e - an uncursed ring of ice
 f - a +6 ring of protection (left hand)
 j - an amulet of rage (around neck)
 p - a +4 ring of intelligence (right hand)
 u - an uncursed ring of protection from fire
 E - an uncursed ring of positive energy
 P - an uncursed amulet of faith {unknown}
Wands
 B - a wand of enslavement (5)
 G - a wand of enslavement (19)
 L - a wand of draining (1)
Scrolls
 g - 5 scrolls of identify
 n - a scroll of holy word {unknown}
 r - a scroll of random uselessness {unknown}
 s - a scroll of silence {unknown}
 A - 2 scrolls of remove curse
 C - a scroll of teleportation
 F - a scroll of blinking
Potions
 h - a potion of lignification {unknown}
 k - 3 potions of haste {unknown}
 m - a potion of brilliance {unknown}
 o - a potion of invisibility {unknown}
 v - a potion of magic {unknown}
 D - a potion of beneficial mutation {unknown}
 M - a potion of degeneration {unknown}
Books
 b - a book of Conjurations

   Spells                             Type                      Level
   a - Magic Dart                     Conjuration                  1
   b - Searing Ray                    Conjuration                  2
   c - Dazzling Spray                 Conjuration/Hexes            3
   d - Fulminant Prism                Conjuration/Hexes            4
   e - Iskenderun's Mystic Blast      Conjuration                  4
   f - Iskenderun's Battlesphere      Conjuration/Charms           5
 t - a book of Annihilations

   Spells                             Type                      Level
   a - Poison Arrow                   Conjuration/Poison           6
   b - Chain Lightning                Conjuration/Air              8
   c - Lehudib's Crystal Spear        Conjuration/Earth            8
   d - Glaciate                       Conjuration/Ice              9
   e - Fire Storm                     Conjuration/Fire             9
 I - a book of Summonings

   Spells                             Type                      Level
   a - Recall                         Summoning/Translocation      3
   b - Aura of Abjuration             Summoning                    5
   c - Shadow Creatures               Summoning                    5
   d - Summon Demon                   Summoning                    5
   e - Summon Forest                  Summoning/Translocation      5
   f - Summon Mana Viper              Hexes/Summoning              5
Comestibles
 c - 5 bread rations
 i - 3 fruits


   Skills:
 - Level 2.5(2.2) Fighting
 - Level 2.1(1.8) Armour
 - Level 2.4(2.1) Dodging
 - Level 2.4(2.1) Stealth
 - Level 6.8(6.4) Spellcasting
 - Level 7.8(7.4) Conjurations
 - Level 11.2(10.8) Charms
 * Level 9.8(9.4) Fire Magic


You had 7 spell levels left.
You knew the following spells:

 Your Spells              Type           Power        Failure   Level  Hunger
a - Magic Dart            Conj           ####         1%          1    None
b - Iskenderun's Battles  Conj/Chrm      ######..     4%          5    #####..
c - Fire Storm            Conj/Fire      ######....   100%        9    #######


Dungeon Overview and Level Annotations

Branches:
Dungeon (9/15)             Temple (1/1) D:6            Lair (0/8) D:8
    Orc (0/4) D:9

Altars:
Cheibriados
Dithmenos
Elyvilon
Fedhas
Gozag
Kikubaaqudgha
Makhleb
Nemelex Xobeh
Qazlal
Ru
Sif Muna
Trog
Vehumet
Xom
Yredelemnul
Zin
The Shining One

Annotations:
D:4 Eustachio, Sigmund
D:9 Joseph


Message History

Read which item? (? for menu, Esc to quit)
Blink to where?
Press: ? - help, Dir - move target cursor, p - Joseph You are very lightly contaminated with residual magic.
As you read the scroll of blinking, it crumbles to dust.
You open the door.
Casting: Magic Dart
Confirm with . or Enter, or press ? or * to list all spells.
Aiming: Magic Dart
Press: ? - help, Shift-Dir - straight line, f - Joseph
Aim: Joseph, wielding a hunting sling and wearing a leather armour (severely wounded)
The magic dart hits Joseph.
Joseph is severely wounded.
Your battlesphere fires!
The barrage of energy hits Joseph.
Joseph is almost dead.
Joseph shoots a sling bullet of frost.
The sling bullet of frost hits you!
* * * LOW HITPOINT WARNING * * *
The sling bullet of frost freezes you.
You die...

#>........##
#..........#
.#######).........#
..................#
######.).........#
#....#'###.p.....###
#........#.........#
#........#.........#
#........'@.*......#
#....<...#.........#
##########.........#
............#
...........@.#
.....########.#
####. #.# .. #.#
+.##


You could see Joseph and a neutral freed slave (wandering).

Vanquished Creatures
  Pikel (D:8)
  Maurice (D:8)
  A hungry ghost (D:8)
  Edmund (D:4)
  An orc warrior (D:9)
  2 sky beasts
  8 ogres
  A slave (D:8)
  An ice beast (D:8)
  The ghost of concernedbohemian the Skirmisher, an amateur HuBe of Trog (D:3)
  A necrophage (D:7)
  4 centaurs
  3 giant frogs
  A scorpion (D:4)
  3 crimson imps
  A hound (D:6)
  5 centaur zombies
  7 orc priests
  Crazy Yiuf (D:6)
  A giant frog zombie (D:5)
  A jelly (D:6)
  A centaur skeleton (D:5)
  3 giant frog skeletons
  6 worker ants
  13 orc wizards
  4 iguanas
  2 big kobold zombies (Ossuary)
  5 mummies (Ossuary)
  A hound zombie (D:5)
  A worker ant zombie (D:6)
  18 adders
  4 gnolls (D:7)
  2 adder zombies
  6 worms
  5 adder skeletons
  2 giant geckos
  39 orcs
  7 giant cockroaches
  10 hobgoblins
  10 jackals
  10 kobolds
  A ball python (D:2)
  12 bats
  A giant cockroach zombie (D:5)
  2 giant newts
  8 goblins
  A goblin zombie (D:6)
  3 hobgoblin zombies (Ossuary)
  4 quokkas
  2 quokka skeletons
  9 rats
  A rat zombie (D:6)
239 creatures vanquished.

Vanquished Creatures (others)
  A killer bee zombie (D:9)
  A giant gecko (D:8)
  A quokka (D:8)
  A plant (D:8)
4 creatures vanquished.

Grand Total: 243 creatures vanquished

Notes
Turn   | Place    | Note
--------------------------------------------------------------
     0 | D:1      | radek the Deep Elf Conjurer began the quest for the Orb.
     0 | D:1      | Reached XP level 1. HP: 10/10 MP: 6/6
   369 | D:1      | Reached XP level 2. HP: 15/15 MP: 5/8
   460 | D:1      | Reached skill level 5 in Conjurations
   920 | D:2      | Reached XP level 3. HP: 19/19 MP: 5/9
  1438 | D:2      | Reached skill level 6 in Conjurations
  1481 | D:2      | Reached XP level 4. HP: 24/24 MP: 1/10
  2594 | D:3      | Reached XP level 5. HP: 28/28 MP: 8/11
  2623 | D:3      | Learned a level 5 spell: Iskenderun's Battlesphere
  2687 | D:3      | Reached skill level 1 in Charms
  2963 | D:3      | Noticed concernedbohemian's ghost (amateur HuBe)
  4183 | D:3      | Killed concernedbohemian's ghost
  4587 | D:3      | Reached XP level 6. HP: 32/32 MP: 8/12
  4898 | D:4      | Noticed Eustachio
  5110 | D:4      | Reached skill level 5 in Charms
  5111 | D:4      | Noticed Edmund
  5889 | D:4      | Reached skill level 7 in Charms
  6310 | D:4      | HP: 1/32 [Edmund/flail of crushing (1)]
  6471 | D:4      | Reached XP level 7. HP: 18/36 MP: 4/13
  6722 | D:5      | Entered Level 5 of the Dungeon
  6758 | D:5      | Reached skill level 8 in Charms
  7077 | D:6      | Found a sand-covered staircase.
  7113 | Ossuary  | Entered an ossuary
  7116 | Ossuary  | Reached skill level 9 in Charms
  7811 | Ossuary  | Reached skill level 10 in Charms
  8284 | D:6      | Reached XP level 8. HP: 30/41 MP: 0/15
  8539 | D:6      | Found a staircase to the Ecumenical Temple.
  8652 | Temple   | Entered the Ecumenical Temple
  9166 | D:6      | Reached skill level 1 in Fighting
  9166 | D:6      | Reached skill level 1 in Armour
  9240 | D:6      | Reached skill level 5 in Spellcasting
  9561 | D:6      | Reached skill level 11 in Charms
 10030 | D:6      | Noticed Crazy Yiuf
 10042 | D:6      | Killed Crazy Yiuf
 10245 | D:5      | Reached XP level 9. HP: 48/48 MP: 11/20
 10501 | D:5      | Learned a level 9 spell: Fire Storm
 10568 | D:5      | Reached skill level 1 in Fire Magic
 10626 | D:5      | Found a radiant altar of Vehumet.
 10630 | D:5      | Became a worshipper of Vehumet
 11467 | D:4      | Noticed Sigmund
 11591 | D:4      | Killed Edmund
 11798 | D:4      | Reached * piety under Vehumet
 11798 | D:4      | Offered knowledge of Freeze by Vehumet.
 11891 | D:4      | Found a burning altar of Makhleb.
 12086 | D:5      | Reached skill level 5 in Fire Magic
 12613 | D:7      | Found a stormy altar of Qazlal.
 13071 | D:8      | Noticed Pikel
 13076 | D:8      | Killed Pikel
 13215 | D:8      | Noticed Maurice
 13226 | D:8      | Killed Maurice
 13226 | D:8      | Reached XP level 10. HP: 13/54 MP: 3/22
 13493 | D:8      | Found a deep blue altar of Sif Muna.
 13539 | D:8      | Found a white marble altar of Elyvilon.
 13703 | D:8      | Found a staircase to the Lair.
 13704 | D:8      | Noticed a komodo dragon
 13941 | D:9      | Found a staircase to the Orcish Mines.
 14231 | D:9      | Noticed Joseph
 14245 | D:9      | Shot with a sling bullet of frost by Joseph

Action                   |  1- 3 |  4- 6 |  7- 9 | 10-12 || total
-------------------------+-------+-------+-------+-------++-------
Melee: Unarmed           |    13 |       |       |       ||    13
       Dagger            |       |     6 |       |       ||     6
       Short sword       |       |     2 |    12 |       ||    14
 Cast: Magic Dart        |    77 |   209 |   257 |    39 ||   582
       Iskenderun's Batt |       |     7 |    50 |     8 ||    65
  Use: Scroll            |       |    13 |     5 |     1 ||    19
       Potion            |       |     8 |     2 |       ||    10
  Eat: Chunk             |     2 |     9 |    14 |     1 ||    26
       Bread ration      |       |     1 |     2 |       ||     3
       Meat ration       |       |     1 |     2 |       ||     3
       Fruit             |       |       |     2 |     1 ||     3
       Pizza             |       |       |     1 |       ||     1
